 Dungeon Crawl Stone Soup version 0.29.1 (webtiles) character file.

Game seed: 7732300628508394647

3 Sanktem7 the Chopper (level 1, -3/20 HPs)
             Began as a Minotaur Berserker on Sept 14, 2022.
             Was a Follower of Trog.
             Slain by a kobold
             ... wielding a +4 dagger
              (4 damage)
             ... on level 1 of the Dungeon.
             The game lasted 00:00:34 (104 turns).

Sanktem7 the Chopper (Minotaur Berserker)            Turns: 104, Time: 00:00:35

Health: -3/20      AC:  2    Str: 21    XL:     1   Next: 41%
Magic:  0/0        EV: 12    Int:  4    God:    Trog [*.....]
Gold:   0          SH:  0    Dex:  9    Spells: 0/0 levels left

rFire   . . .      SeeInvis .   a - +0 hand axe {axe}
rCold   . . .      Faith    .   (no shield)
rNeg    . . .      Spirit   .   b - +0 animal skin
rPois   .          Reflect  .   (helmet restricted)
rElec   .          Harm     .   (no cloak)
rCorr   .          Rampage  .   (no gloves)
Will    .....                   (no boots)
Stlth   +.........              (no amulet)
HPRegen 0.06/turn               (no ring)
MPRegen 0.07/turn               (no ring)

@: no status effects
A: horns 2, retaliatory headbutt
a: Renounce Religion, Berserk


You were on level 1 of the Dungeon.
You worshipped Trog.
Trog was aware of your devotion.
You visited 1 branch of the dungeon, and saw 1 of its levels.


Innate Abilities, Weirdness & Mutations

You have a pair of horns on your head.
You reflexively headbutt those who attack you in melee.


   Skills:
 * Level 3.8 Fighting
 * Level 3.8 Axes
 - Level 2.4 Armour
 - Level 2.1 Dodging


You couldn't memorise any spells.
You didn't know any spells.
Your spell library contained the following spells:

 Spells                   Type           Power      Damage    Failure   Level
 Blink                    Tloc           0%         N/A       65%         2
 Manifold Assault         Tloc           0%         N/A       100%        5
 Storm Form               Tmut/Air       0%         N/A       100%        7

Inventory:

Hand Weapons
 a - a +0 hand axe (weapon) {axe}
Armour
 b - a +0 animal skin (worn)
Scrolls
 f - a scroll of vulnerability {unknown}
 g - a scroll of identify {unknown}
Potions
 c - a potion of haste {unknown}
 d - a potion of flight {unknown}
 e - a potion of brilliance {unknown}

Dungeon Overview and Level Annotations

Branches:
Dungeon (1/15) Zot: 5893

Altars:

#.# #.# . #.# .#
##.#########.#
###########..........#.#
......K@................
.########.#.............
#...............##.
#.##............#
#.##............#
#.##..#.#†##.####
#.##..#.#.##.#
#.##..#.#....#
#.##..#.######


You could see a kobold.


Message History

Options error: Bad monster_list_colour key: strict_neutral (~/.crawlrc:4871) Bad channel name for runrest: 'pray:' ✅ Successfully initialized magus.rc [v1.9.6] Welcome, Sanktem7 the Minotaur Berserker.
They say the Orb of Zot lies within this dungeon, but they say a lot of things.
Trog says: Kill them all!
Press ? for a list of commands and other information.
Found four items.
Found a staircase leading out of the dungeon.
Unknown command.
Unknown command.
Unknown command.
Unknown command.
Unknown command.
You pick up an Inescapable Atlas {forbidden} and begin reading...
You add the spells Blink, Manifold Assault and Storm Form to your library.
c - a viscous coppery potion You see here 4 large rocks {=fthrowing}.
You open the door.
There is an open door here.
d - a metallic puce potion An endoplasm comes into view.
An endoplasm is nearby!
A hobgoblin comes into view.
The endoplasm misses you.
You hit the endoplasm.
The hobgoblin shouts!
The endoplasm hits you. 😕 HP[-2]
You take 2 damage, and now have 17/19 hp.
You hit the endoplasm.
You kill the endoplasm!
Trog accepts your kill. 😕 HP[+1]
You now have 20 max hp (+1).
The hobgoblin barely misses you. You furiously retaliate!
You headbutt the hobgoblin. You closely miss the hobgoblin.
The hobgoblin barely misses you.
You hit the hobgoblin.
You kill the hobgoblin!
Trog accepts your kill.
No target in view!
No target in view!
No target in view!
No target in view!
No target in view!
No target in view!
e - a grey potion 😎 HP[+2]
Your hp is fully restored (20).
f - a scroll labelled OCYAXI HOXKU
g - a scroll labelled BOGHEL GA WALO You see here a hobgoblin corpse.
A ball python comes into view.
The ball python hisses angrily.
A ball python is nearby!
A kobold comes into view. It is wielding a +4 dagger.
The kobold shouts!
You closely miss the ball python. The ball python completely misses you.
The ball python closely misses you.
You barely miss the ball python. The ball python barely misses you. x2
The ball python closely misses you. The ball python grabs you.
The ball python constricts you.
You barely miss the ball python.
The ball python bites you but does no damage.
The ball python constricts you. 😕 HP[-1]
You take 1 damage, and now have 19/20 hp.
You hit the ball python.
You kill the ball python!
Trog accepts your kill.
The kobold hits you with a +4 dagger. 😮 HP[-5]
You take 5 damage, and now have 14/20 hp.
MASSIVE DAMAGE!! (PAUSE)
You are too injured to fight recklessly!
You are too injured to fight recklessly!
You are too injured to fight recklessly!
You are too injured to fight recklessly!
You are too injured to fight recklessly!
You are too injured to fight recklessly!
You are too injured to fight recklessly!
You are too injured to fight recklessly!
You miss the kobold. The kobold hits you with a +4 dagger.
* * * LOW HITPOINT WARNING * * *
😨 HP[-5]
You take 5 damage, and now have 9/20 hp.
MASSIVE DAMAGE!! (PAUSE)
You barely miss the kobold. The kobold hits you with a +4 dagger.
* * * LOW HITPOINT WARNING * * *
😨 HP[-2]
You take 2 damage, and now have 7/20 hp.
You closely miss the kobold. The kobold hits you with a +4 dagger.
* * * LOW HITPOINT WARNING * * *
😱 HP[-6]
You take 6 damage, and now have 1/20 hp.
MASSIVE DAMAGE!! (PAUSE)
You closely miss the kobold. The kobold hits you with a +4 dagger.
You die...

Action                   || total
-------------------------++-------
Melee: Hand axe          ||    12
Armor: Animal skin       ||     1
Dodge: Dodged            ||     8

Levels and vault maps discovered:
D:1:      minmay_arrival_cross, layout_basic

Notes
Turn   | Place    | Note
-------+----------+-------------------------------------------
     0 | D:1      | Sanktem7 the Minotaur Berserker began the quest for the
                  | Orb.
     0 | D:1      | Reached XP level 1. HP: 19/19 MP: 0/0
     0 | D:1      | magus.rc [v1.9.6]
     2 | D:1      | You add the spells Blink, Manifold Assault and Storm Form
                  | to your library.
   103 | D:1      | HP: 1/20 [kobold/+4 dagger (6)]
   104 | D:1      | Slain by a kobold

Vanquished Creatures
  An endoplasm (D:1)
  A hobgoblin (D:1)
  A ball python (D:1)
3 creatures vanquished.

Table legend:
 A = Non-vault XP
 B = Vault XP
 C = Vault XP percentage of total XP
 D = Non-vault monster count
 E = Vault monster count
 F = Vault count percentage of total count
                 A         B        C        D         E       F
            +---------+---------+-------+---------+---------+-------
      Total |       5 |       0 |   0.0 |       3 |       0 |   0.0
            +---------+---------+-------+---------+---------+-------
        D:1 |       5 |       0 |   0.0 |       3 |       0 |   0.0
            +---------+---------+-------+---------+---------+-------

Illustrated notes

Table legend:
 A = Kills in this place as a percentage of kills in entire the game.
 B = Kills by you in this place as a percentage of kills by you in the entire game.
 C = Kills by friends in this place as a percentage of kills by friends in the entire game.
 D = Other kills in this place as a percentage of other kills in the entire game.
 E = Experience gained in this place as a percentage of experience gained in the entire game.
 F = Experience gained in this place divided by the number of levels of this place that you have seen.
                   A       B       C       D       E      F
               +-------+-------+-------+-------+-------+----------------------
         Total | 100.0 | 100.0 |   N/A |   N/A | 100.0 |   5.0
       Dungeon | 100.0 | 100.0 |   N/A |   N/A | 100.0 |   5.0
               +-------+-------+-------+-------+-------+----------------------

Table legend: (Time is in decaauts)
 A = Elapsed time spent in this place.
 B = Non-inter-level travel time spent in this place.
 C = Inter-level travel time spent in this place.
 D = Time resting spent in this place.
 E = Time spent auto-exploring this place.
 F = Levels seen in this place.
 G = Mean time per level.
                   A        B        C        D        E       F      G
               +--------+--------+--------+--------+--------+-----+--------+
         Total |    105 |    105 |      0 |      0 |     74 |   1 |  105.0 |
       Dungeon |    105 |    105 |      0 |      0 |     74 |   1 |  105.0 |
               +--------+--------+--------+--------+--------+-----+--------+

Top non-repeatable levels by time:
     D:1: 105 daAuts
